AoeStats
← christar123 ten

Arabian Desert

509874225Analyzed
1v1 RM · 4d ago on Sep 28, 2026· 26m 19s· 2 players
Game mode
Random Map
Map size
Tiny (2 player)
Population
200
Speed
Normal
Resources
Standard
Victory
Conquest
Starting age
Dark Age
Ending age
Imperial Age
RankedLock teamsTeams togetherTeam positionsShared explorationLock speedFull tech treeHidden civsTurbo modeCheats
Victory
Defeat
🇬🇧 Khitans · United Kingdom
2065
+22
🇲🇽 Turks · Mexico
2193
-22
christar123 ten
6:17 Loom
8:43 Feudal Age
9:28 Double-Bit Axe
18:25 Castle Age
17:23 Forging
17:07 Domestication
19:54 Iron Casting
24:25 Gold Mining
25:46 Scale Barding Armor
iamkaito
4:53 Loom
8:55 Feudal Age
11:16 Double-Bit Axe
16:51 Forging
20:36 Castle Age
19:43 Horse Collar
19:56 Fletching
19:57 Gold Mining
20:38 Bloodlines
25:36 Bodkin Arrow
26:37 Ballistics
Connection lost

Rejoining the realm…

Still unreachable

The connection could not be restored.

Session expired

The server has moved on; the page needs a fresh start.